 Dungeon Crawl Stone Soup version 0.28-a0-1084-ga282ea2 (webtiles) character file.

Game seed: 43068622950367718

1253 HDogLeCool the Grappler (level 8, -5/75 HPs)
             Began as a Troll Fighter on Dec 9, 2021.
             Slain by a yak (13 damage)
             ... on level 6 of the Dungeon.
             The game lasted 00:10:42 (4648 turns).

HDogLeCool the Grappler (Troll Fighter)             Turns: 4648, Time: 00:10:43

Health: -5/75      AC:  5    Str: 33    XL:     8   Next: 26%
Magic:  7/7        EV:  8    Int:  4    God:
Gold:   222        SH:  8    Dex:  9    Spells: 7/7 levels left

rFire   . . .      SeeInvis .     - Unarmed
rCold   . . .      Faith    .   b - +0 kite shield
rNeg    . . .      Spirit   .   a - +0 robe
rPois   .          Reflect  .   (helmet restricted)
rElec   .          Harm     .   p - +0 cloak
rCorr   +          Rampage  .   (gloves unavailable)
Will    .....                   (boots unavailable)
Stlth   +.........              (no amulet)
HPRegen 1.02/turn               t - +6 ring of strength
MPRegen 0.10/turn               f - ring of resist corrosion

@: no status effects
A: large, unfitting armour, claws 3, regeneration 1, shaggy fur 1, tough skin 1
a: no special abilities


You were on level 6 of the Dungeon.
You visited 1 branch of the dungeon, and saw 6 of its levels.

You collected 246 gold pieces.
You spent 24 gold pieces at shops.

Inventory:

Missiles
 j - 217 stones (quivered)
Armour
 a - a +0 robe (worn)
 b - a +0 kite shield (worn)
 p - a +0 cloak (worn)
Jewellery
 f - a ring of resist corrosion (right claw)
 m - a ring of protection from fire
 t - a +6 ring of strength (left claw)
Wands
 o - a wand of flame (16)
Scrolls
 d - 3 scrolls of teleportation
 i - 2 scrolls of magic mapping
 q - a scroll of identify
 s - a scroll of noise {unknown}
Potions
 c - 4 potions of might
 e - 4 potions of curing
 g - a potion of invisibility
 h - 2 potions of attraction
 k - a potion of magic {unknown}
 l - 2 potions of degeneration
 n - 2 potions of brilliance
 r - a potion of haste


   Skills:
 + Level 3.2 Fighting
 + Level 0.1 Throwing
 - Level 2.4 Dodging
 + Level 0.8 Stealth
 * Level 4.7 Shields
 * Level 8.3 Unarmed Combat


You had 7 spell levels left.
You didn't know any spells.
Your spell library contained the following spells:

 Spells                   Type           Power      Damage    Failure   Level
 Pain                     Necr           0%         1d4       80%         1
 Gell's Gravitas          Tloc           0%         N/A       99%         3
 Teleport Other           Tloc           0%         N/A       99%         3
 Agony                    Necr           0%         N/A       100%        5
 Excruciating Wounds      Necr           0%         N/A       100%        5
 Dispersal                Tloc           0%         N/A       100%        6


Dungeon Overview and Level Annotations

Branches:
Dungeon (6/15)
 Temple: D:4-7

Altars:

Shops:
D:2 ?   D:3 (


Innate Abilities, Weirdness & Mutations

You are too large for most types of armour.
You have claws for hands.
Your natural rate of healing is unusually fast.
You are covered in fur. (AC +1)
You have tough skin. (AC +1)


Message History

You scratch the yak.
The yak is lightly wounded.
The yak gores you but does no damage.
You scratch the yak.
The yak is moderately wounded.
The yak barely misses you.
You scratch the yak but do no damage.
The yak is moderately wounded.
The yak gores you.
You scratch the yak but do no damage.
The yak is moderately wounded.
The yak gores you!
You claw the yak!
The yak is heavily wounded.
The yak gores you but does no damage.
You claw the yak!
The yak is severely wounded.
You block the yak's attack.
You scratch the yak.
The yak is severely wounded.
The yak closely misses you.
You mangle the yak!!
You kill the yak!
No target in view!
You start resting.
HP restored.
You climb downwards.
The yak gores you!
An orc warrior comes into view. It is wielding a +0 hand axe.
The orc hits you with a +0 short sword. The yak gores you! The yak gores you.
The yak closely misses you. The orc barely misses you.
The water moccasin bites you but does no damage.
The yak gores you! x2
There is a stone staircase leading up, spattered with blood here.
The water moccasin bites you but does no damage.
The yak gores you! The orc hits you with a +0 short sword.
* * * LOW HITPOINT WARNING * * *
The yak gores you!
* * * LOW HITPOINT WARNING * * *
The yak gores you!
You die...

**,*#>.#..##.........
******##.*#..#.............
*,,,,,,..###...............
*,*****...#................
*,,,,,,,..................#
*,***,**#o.................
*,*,,,,,#.......#..........
*,*,***,#.oS.............##
*,*,,,,,#Y@Y....##........#
*,*,***,#Y......###........
*,*,,,,,#........#......##.
*,*##.###.......##.........
*,,.............##.........
*,*##...........#.....##...
*,,..............##...#....
***##...#...#..............
****#..##♣.8#..............


You could see 3 yaks, an orc warrior, a water moccasin and an orc.

Vanquished Creatures
  2 yaks (D:5)
  A black bear (D:5)
  An ice beast (D:4)
  A necrophage (D:5)
  An ogre (D:4)
  A gnoll sergeant (D:4)
  A water moccasin zombie (D:5)
  A wyvern skeleton (D:6)
  2 centaur zombies
  A hound (D:4)
  2 centaur skeletons
  2 iguanas (D:5)
  5 gnolls (D:4)
  5 adders
  A white imp (D:5)
  An ufetubus (D:5)
  2 adder skeletons (D:5)
  3 worms
  2 dart slugs
  17 orcs
  8 ball pythons
  5 endoplasms
  5 giant cockroaches
  11 goblins
  13 hobgoblins
  3 jackals (D:4)
  17 kobolds
  5 quokkas
  8 bats
  4 frilled lizards
  8 rats
139 creatures vanquished.

Vanquished Creatures (others)
  5 plants (D:3)
5 creatures vanquished.

Grand Total: 144 creatures vanquished

Notes
Turn   | Place    | Note
-------+----------+-------------------------------------------
     0 | D:1      | HDogLeCool the Troll Fighter began the quest for the Orb.
     0 | D:1      | Reached XP level 1. HP: 22/22 MP: 0/0
    32 | D:1      | Reached XP level 2. HP: 27/29 MP: 1/1
   425 | D:1      | Reached XP level 3. HP: 36/36 MP: 2/2
   540 | D:1      | Found a faded altar of an unknown god.
  1233 | D:2      | Reached skill level 3 in Unarmed Combat
  1302 | D:2      | Reached XP level 4. HP: 44/44 MP: 3/3
  1326 | D:2      | Found Sysosakae's Magic Scroll Shop.
  1338 | D:2      | Bought a scroll of identify for 24 gold pieces
  1684 | D:3      | Found Foerrupy's Weapon Boutique.
  2234 | D:4      | Noticed an ogre
  2238 | D:4      | Reached skill level 4 in Unarmed Combat
  2247 | D:4      | Reached XP level 5. HP: 49/50 MP: 4/4
  2250 | D:4      | Killed an ogre
  2704 | D:4      | Reached skill level 5 in Unarmed Combat
  2734 | D:4      | Reached XP level 6. HP: 59/59 MP: 5/5
  2968 | D:5      | Entered Level 5 of the Dungeon
  3100 | D:5      | Noticed an ice beast
  3338 | D:4      | Killed an ice beast
  3403 | D:4      | Reached skill level 6 in Unarmed Combat
  3427 | D:4      | Reached XP level 7. HP: 50/66 MP: 6/6
  3864 | D:5      | Noticed a yak
  3865 | D:5      | Noticed a yak
  4091 | D:5      | Reached skill level 7 in Unarmed Combat
  4474 | D:6      | Noticed a yak
  4540 | D:6      | Noticed a yak
  4540 | D:6      | Noticed a yak
  4552 | D:6      | Noticed a yak
  4567 | D:5      | Killed a yak
  4568 | D:5      | Reached XP level 8. HP: 30/75 MP: 7/7
  4570 | D:5      | Reached skill level 8 in Unarmed Combat
  4648 | D:6      | Slain by a yak

Illustrated notes

Levels and vault maps discovered:
D:1:      noname_arrival_rooms_in_the_neighbourhood, layout_basic,
          hellmonk_ecumenical_altar_prayer_group
D:2:      layout_basic, serial_shops, nicolae_lakefront_shop,
          minmay_stone_trees_small
D:3:      layout_loops_ring, serial_shops, shop, lexackson_kobold_supper
D:4:      corexii_shantytown, layout_basic, hangedman_abyss_or_decor_stabs
D:5:      layout_cave_pods, lightli_corner_chamber
D:6:      layout_cave_pools, chequers_avenue, minmay_checkerbox

Skill      XL: |  1  2  3  4  5  6  7  8 |
---------------+-------------------------+-----
Shields        | 3 4 |  4.7
Unarmed Combat | 3 4 5 6 7 8 |  8.3
Fighting       | 3 |  3.2
Throwing       | |  0.1
Dodging        | |  2.4
Stealth        | |  0.8

Action                   |  1- 3 |  4- 6 |  7- 9 || total
-------------------------+-------+-------+-------++-------
Melee: Unarmed           |   113 |   188 |    82 ||   383
Throw: Stone             |       |     2 |       ||     2
  Use: Scroll            |       |     5 |     7 ||    12
 Stab: Sleeping          |       |     1 |     1 ||     2
Armor: Robe              |    34 |    51 |    20 ||   105
Dodge: Dodged            |    43 |    60 |    32 ||   135
Block: Kite shield       |    36 |    63 |    23 ||   122

Table legend: (Time is in decaauts)
 A = Elapsed time spent in this place.
 B = Non-inter-level travel time spent in this place.
 C = Inter-level travel time spent in this place.
 D = Time resting spent in this place.
 E = Time spent auto-exploring this place.
 F = Levels seen in this place.
 G = Mean time per level.
                   A        B        C        D        E       F      G
               +--------+--------+--------+--------+--------+-----+--------+
         Total |   4691 |   4445 |    246 |    140 |   3249 |   6 |  781.8 |
       Dungeon |   4691 |   4445 |    246 |    140 |   3249 |   6 |  781.8 |
               +--------+--------+--------+--------+--------+-----+--------+

Top non-repeatable levels by time:
     D:5: 1159 daAuts
     D:4: 1045 daAuts
     D:2: 752 daAuts
     D:1: 734 daAuts
     D:3: 636 daAuts
     D:6: 363 daAuts
